 Dungeon Crawl Stone Soup version 0.28-a0-909-g796cbd3 (webtiles) character file.

Game seed: 14573655931024678549

35 HDogLeCool the Chopper (level 3, 0/33 HPs)
             Began as a Minotaur Berserker on Aug 30, 2021.
             Was a Follower of Trog.
             Slain by Sigmund (6 damage)
             ... on level 2 of the Dungeon on Nov 24, 2021.
             The game lasted 00:02:48 (1129 turns).

HDogLeCool the Chopper (Minotaur Berserker)         Turns: 1129, Time: 00:02:49

Health: 0/33       AC:  2    Str: 22    XL:     3   Next: 16%
Magic:  0/2        EV: 12    Int:  4    God:    Trog [*.....]
Gold:   58         SH:  0    Dex:  9    Spells: 2/2 levels left

rFire   . . .      SeeInvis .   g - +0 war axe
rCold   . . .      Faith    .   (no shield)
rNeg    . . .      Spirit   +   b - +0 animal skin
rPois   .          Reflect  .   (helmet restricted)
rElec   .          Harm     .   (no cloak)
rCorr   .          Rampage  .   (no gloves)
Will    .....                   (no boots)
Stlth   +.........              h - amulet of guardian spirit
HPRegen 0.11/turn               (no ring)
MPRegen 0.08/turn               (no ring)

@: on berserk cooldown, slowed, very slow
A: horns 2, retaliatory headbutt
a: Renounce Religion, Berserk


You were on level 2 of the Dungeon.
You worshipped Trog.
Trog was aware of your devotion.
You visited 1 branch of the dungeon, and saw 2 of its levels.

You collected 58 gold pieces.

Inventory:

Hand Weapons
 d - a +3 dagger
 g - a +0 war axe (weapon)
Armour
 b - a +0 animal skin (worn)
Jewellery
 h - an amulet of guardian spirit (around neck)
Scrolls
 c - 2 scrolls of enchant armour {unknown}
 i - a scroll of teleportation {unknown}
Potions
 a - a potion of might {unknown}
 e - a potion of flight {unknown}
 f - a potion of curing {unknown}
 j - 2 potions of degeneration {unknown}


   Skills:
 * Level 4.2 Fighting
 * Level 4.5 Axes
 + Level 2.5 Armour
 - Level 2.3 Dodging


You had 2 spell levels left.
You didn't know any spells.
Your spell library was empty.

Dungeon Overview and Level Annotations

Branches:
Dungeon (2/15)

Altars:

Annotations:
D:2 Sigmund


Innate Abilities, Weirdness & Mutations

You have a pair of horns on your head.
You reflexively headbutt those who attack you in melee.


Message History

The adder is moderately wounded.
The adder bites you but does no damage.
You barely miss the adder. Your headbutt misses the adder.
The adder is moderately wounded.
The adder closely misses you. Something barely misses you.
You barely miss the adder.
The adder is moderately wounded.
The adder bites you.
Unknown command.
You miss the adder. You headbutt the adder!
You kill the adder!
Trog accepts your kill. Something hits you.
You have reached level 3!
Your experience leads to an increase in your attributes!
Increase (S)trength, (I)ntelligence, or (D)exterity?
Uppercase letters only, please.
You feel stronger.
You closely miss the goblin. Your headbutt misses the goblin.
Something hits you! The goblin closely misses you.
You are too injured to fight recklessly!
You are too injured to fight recklessly!
You closely miss the goblin. Your headbutt misses the goblin.
You barely miss the goblin. The goblin hits you with a +0 dagger.
Something hits you!
* * * LOW HITPOINT WARNING * * *
You slash the goblin!
You kill the goblin!
Trog accepts your kill.
You feel a strong urge to attack something.
You are no longer berserk.
You are exhausted.
You feel yourself slow down. The ball python bites you.
* * * LOW HITPOINT WARNING * * *
The ball python closely misses you. The ball python bites you.
* * * LOW HITPOINT WARNING * * *
The ball python barely misses you. Something hits you!
You die...

.#)....#.# #
#)#.####.
S#.<._.#.#
...####.#....#.
.#.....#...
...<...........
.#######.##
...###.†#<...#.
. ....###
#..######. .
.#.....
#..#......
.(.....######
#..#.#####
.......)J.S.#
#..#.#
##.....####@##
#..#.# #.....
#..# #..#.#
#..... ##.#
#).#.# #.....
#.## #.#
....... #..#
#.# ....###
##.# #.# ....
#.## #.#####
#..# #..#......
##.# #..######.


You could see an endoplasm and a ball python.

Vanquished Creatures
  An adder (D:2)
  5 ball pythons
  An endoplasm (D:1)
  5 goblins
  3 hobgoblins (D:1)
  A quokka (D:1)
  A frilled lizard (D:1)
  5 kobolds
  3 rats
25 creatures vanquished.

Notes
Turn   | Place    | Note
-------+----------+-------------------------------------------
     0 | D:1      | HDogLeCool the Minotaur Berserker began the quest for the
                  | Orb.
     0 | D:1      | Reached XP level 1. HP: 19/19 MP: 0/0
   228 | D:1      | Upgraded the game from 0.28-a0-312-gbced6e6 to
                  | 0.28-a0-909-g796cbd3
   299 | D:1      | Reached XP level 2. HP: 27/27 MP: 1/1
   816 | D:2      | Found a faded altar of an unknown god.
  1113 | D:2      | Noticed Sigmund
  1122 | D:2      | Reached XP level 3. HP: 32/33 MP: 2/2
  1129 | D:2      | Slain by Sigmund

Illustrated notes

Levels and vault maps discovered:
D:1:      lordsloth_arrival_two_stooges, layout_basic
D:2:      layout_basic, nicolae_ecumenical_oubliette, kennysheep_generic_room_8,
          uniq_sigmund

Skill      XL: |  1  2 |
---------------+-------+-----
Axes           | 4 |  4.5
Fighting       | 4 |  4.2
Armour         | |  2.5
Dodging        | |  2.3

Action                   || total
-------------------------++-------
Melee: Hand axe          ||    37
       Headbutt          ||     4
       War axe           ||    11
Invok: Berserk           ||     3
Armor: Animal skin       ||     7
Dodge: Dodged            ||    28

Table legend: (Time is in decaauts)
 A = Elapsed time spent in this place.
 B = Non-inter-level travel time spent in this place.
 C = Inter-level travel time spent in this place.
 D = Time resting spent in this place.
 E = Time spent auto-exploring this place.
 F = Levels seen in this place.
 G = Mean time per level.
                   A        B        C        D        E       F      G
               +--------+--------+--------+--------+--------+-----+--------+
         Total |   1155 |   1096 |     59 |    243 |    675 |   2 |  577.5 |
       Dungeon |   1155 |   1096 |     59 |    243 |    675 |   2 |  577.5 |
               +--------+--------+--------+--------+--------+-----+--------+

Top non-repeatable levels by time:
     D:1: 882 daAuts
     D:2: 273 daAuts
